 Dungeon Crawl Stone Soup version 0.30-b1-2-g02819fbbbe (webtiles) character file.

Game seed: 8118621149695723377

3841 redmage the Destroyer (level 10, 0/69 HPs)
             Began as a Meteoran Earth Elementalist on Aug 7, 2023.
             Was a Follower of Sif Muna.
             Slain by a centaur (3 damage)
             ... on level 9 of the Dungeon.
             The game lasted 00:34:23 (2278 turns).

redmage the Destroyer (Meteoran Earth Elementalist) Turns: 2278, Time: 00:34:24

Health: 0/69       AC:  7    Str: 11    XL:     10   Next: 67%
Magic:  10/16      EV: 12    Int: 20    God:    Sif Muna [*.....]
Gold:   335        SH:  0    Dex: 15    Spells: 4/15 levels left

rFire   . . .        q - +1 dagger (venom)
rCold   . . .        (no shield)
rNeg    . . .        a - +1 robe
rPois   .            e - +0 helmet
rElec   .            o - +0 cloak
rCorr   .            b - +0 pair of gloves
SInv    .            f - +0 pair of boots
Will    +....        (no amulet)
Stlth   +            (no ring)
HPRegen 0.31/turn    (no ring)
MPRegen 0.15/turn

%: no passive effects
@: glowing
A: sense surroundings 2, otherworldly, glowing, explore regen
a: Renounce Religion, Channel Magic


You were on level 9 of the Dungeon.
You worshipped Sif Muna.
Sif Muna was aware of your devotion.
You visited 3 branches of the dungeon, and saw 13 of its levels.

You collected 335 gold pieces.

Inventory:

Hand Weapons
 n - a +3 war axe
 q - a +1 dagger of venom (weapon)
Missiles
 t - a throwing net
Armour
 a - a +1 robe (worn)
 b - a +0 pair of gloves (worn)
 c - a scarf of harm
 e - a +0 helmet (worn)
 f - a +0 pair of boots (worn)
 o - a +0 cloak (worn)
 r - +0 acid dragon scales
Jewellery
 g - a ring of fire
Wands
 p - a wand of quicksilver (6)
Scrolls
 d - 3 scrolls of enchant armour
 m - a scroll of poison
 u - 2 scrolls of teleportation
Potions
 h - 2 potions of curing
 j - a potion of might
 k - a potion of cancellation
Miscellaneous
 s - a lightning rod (3/4)


   Skills:
 - Level 2.4 Dodging
 - Level 1.4 Stealth
 - Level 3.0 Spellcasting
 - Level 9.2 Conjurations
 - Level 1.2 Transmutations
 * Level 9.2 Air Magic
 - Level 9.1 Earth Magic
 + Level 7.7 Invocations


You had 4 spell levels left.
You knew the following spells:

 Your Spells              Type           Power      Damage    Failure   Level
a - Sandblast             Erth           78%        2d17      1%          1
b - Passwall              Tmut/Erth      19%        N/A       2%          2
c - Stone Arrow           Conj/Erth      78%        3d11      1%          3
d - Arcjolt               Conj/Air       20%        1d30      9%          5

Your spell library contained the following spells:

 Spells                   Type           Power      Damage    Failure   Level
 Vhi's Electric Charge    Tloc/Air       42%        N/A       6%          3
 Petrify                  Tmut/Erth      23%        N/A       17%         4
 Ozocubu's Armour         Ice            3%         N/A       38%         3
 Ozocubu's Refrigeration  Ice            1%         4d7       100%        7
 Maxwell's Capacitive Co  Air            20%        ∞         100%        8


Dungeon Overview and Level Annotations

Branches:
Dungeon (11/15) Zot: 4323  Temple (1/1) D:6 Zot: 588    Lair (1/5) D:9 Zot: 529
    Orc: D:9-12

Altars:
Cheibriados
Fedhas
Makhleb
Okawaru
Sif Muna
Uskayaw
Zin

Annotations:
D:10 Nergalle


Innate Abilities, Weirdness & Mutations

You passively map the area around you.
You are easily found by Zot.
You glow in the dark.
You regain HP and MP as you explore.


Message History

The centaur hits you but does no damage.
The centaur kicks you but does no damage.
You feel much better.
You feel less invigorated. The centaur hits you.
* * * LOW HITPOINT WARNING * * *
The centaur barely misses you.
The bullfrog hits you but does no damage.
The centaur closely misses you.
The centaur kicks you but does no damage.
The centaur hits you.
* * * LOW HITPOINT WARNING * * *
The centaur kicks you but does no damage.
The bullfrog hits you.
* * * LOW HITPOINT WARNING * * *
Unknown command.
Unknown command.
Casting: Stone Arrow (safe; 1% risk of failure)
Confirm with . or Enter, or press ? or * to list all spells.
Aiming: Stone Arrow (safe; 1% risk of failure)
Press: ? - help, Shift-Dir - straight line, f/p - centaur
Aim: a centaur (heavily wounded, 84% to hit)
The stone arrow hits the centaur!!
You kill the centaur!
Sif Muna accepts your kill. The centaur barely misses you.
The centaur kicks you but does no damage.
The bullfrog hits you.
* * * LOW HITPOINT WARNING * * *
The centaur hits you but does no damage.
The centaur barely misses you.
Unknown command.
Unknown command.
Casting: Stone Arrow (safe; 1% risk of failure)
Confirm with . or Enter, or press ? or * to list all spells.
Aiming: Stone Arrow (safe; 1% risk of failure)
Press: ? - help, Shift-Dir - straight line, f - centaur
Aim: a centaur (84% to hit)
The stone arrow hits the centaur!
The centaur is heavily wounded.
The bullfrog barely misses you. The centaur hits you.
You die...

* , , * *, ** ,#...# * * ** , *
** #.#.#### ,, * , ,* #....... *
, ,, * , * #....... * * * ,
#)###... * * * #####* #†# #... *
♣z...♣♣ , #.# #... *, * ♣c♣♣ #)#
#... , , ♣♣)@♣ , , #)# #... * *
♣♣♣♣.♣♣F♣ , #.###... *, ♣♣...♣♣
♣♣ #.......
##########...#############..)....
...........................######
##.#.#################...###
#...# ###............# ###.#
###P.......P.....########
####.####......PP.P..........†...


You could see a bullfrog and a centaur.

Vanquished Creatures
  A komodo dragon (D:9)
  A troll (D:9)
  Grinder (D:5)
  A wyvern (D:9)
  A wraith (D:9)
  2 yaks
  Eustachio (D:4)
  A steam dragon (D:8)
  Menkaure (D:5)
  An acid dragon (D:10)
  2 water moccasins (D:9)
  4 black bears (D:9)
  An ogre (D:4)
  A sky beast (D:7)
  An ice beast (D:7)
  2 centaurs (D:9)
  A phantom (D:4)
  Blork the orc (D:5)
  A bullfrog (D:9)
  2 scorpions
  3 wights (D:6)
  A howler monkey (D:5)
  2 hounds
  3 jellies
  4 orc priests
  A gnoll bouda (D:9)
  Terence (D:2)
  5 orc wizards
  5 gnolls (D:9)
  6 adders
  4 worms (D:2)
  A dart slug (D:1)
  19 orcs
  5 ball pythons
  6 endoplasms
  A giant cockroach (D:1)
  4 goblins (D:4)
  5 hobgoblins
  5 jackals
  A quokka (D:2)
  2 bats
  4 kobolds
115 creatures vanquished.

Vanquished Creatures (others)
  An orc (D:8)
  28 fungi
  38 plants
67 creatures vanquished.

Grand Total: 182 creatures vanquished

Notes
Turn   | Place    | Note
-------+----------+-------------------------------------------
     0 | D:1      | redmage the Meteoran Earth Elementalist began the quest for
                  | the Orb.
     0 | D:1      | Reached XP level 1. HP: 14/14 MP: 5/5
    79 | D:1      | Reached XP level 2. HP: 20/20 MP: 4/7
   142 | D:2      | Noticed Terence
   143 | D:2      | Reached XP level 3. HP: 26/26 MP: 1/8
   148 | D:1      | Learned a level 2 spell: Passwall
   152 | D:1      | Learned a level 3 spell: Stone Arrow
   210 | D:1      | Reached skill level 1 in Conjurations
   235 | D:2      | Killed Terence
   236 | D:2      | Reached XP level 4. HP: 33/33 MP: 2/9
   249 | D:2      | Reached skill level 5 in Earth Magic
   274 | D:2      | Found a faded altar of an unknown god.
   335 | D:2      | Reached XP level 5. HP: 38/38 MP: 6/10
   464 | D:4      | Reached XP level 6. HP: 8/45 MP: 7/11
   587 | D:4      | Noticed an ogre
   602 | D:4      | Noticed Eustachio
   607 | D:4      | Killed an ogre
   608 | D:4      | Reached skill level 5 in Conjurations
   645 | D:4      | Reached XP level 7. HP: 50/50 MP: 7/12
   657 | D:5      | Entered Level 5 of the Dungeon
   722 | D:5      | Noticed Menkaure
   726 | D:5      | Killed Menkaure
   727 | D:5      | Reached XP level 8. HP: 43/57 MP: 1/13
   793 | D:4      | Killed Eustachio
   831 | D:5      | Noticed Grinder
   838 | D:5      | Killed Grinder
   954 | D:5      | Noticed Blork the orc
   960 | D:5      | Killed Blork the orc
  1150 | D:6      | Gained mutation: You passively map the area around you.
                  | [Meteoran growth]
  1150 | D:6      | Reached XP level 9. HP: 62/62 MP: 10/14
  1236 | D:6      | Found a staircase to the Ecumenical Temple.
  1245 | Temple   | Entered the Ecumenical Temple
  1251 | Temple   | Became a worshipper of Sif Muna the Loreminder
  1280 | D:7      | Learned a level 5 spell: Arcjolt
  1500 | D:10     | Entered Level 10 of the Dungeon
  1508 | D:10     | Noticed Nergalle
  1528 | D:9      | Noticed a komodo dragon
  1711 | D:8      | Found a glowing silver altar of Zin.
  1756 | D:9      | Reached skill level 5 in Air Magic
  1758 | D:9      | Reached skill level 5 in Invocations
  1824 | D:9      | Reached * piety under Sif Muna
  1825 | D:9      | Reached XP level 10. HP: 69/69 MP: 4/15
  2041 | D:9      | Found a staircase to the Lair.
  2055 | D:9      | Killed a komodo dragon
  2174 | Lair:1   | Entered Level 1 of the Lair of Beasts
  2213 | Lair:1   | Noticed a boulder beetle
  2222 | Lair:1   | Noticed a black mamba
  2277 | D:9      | HP: 2/69 [bullfrog (3)]
  2278 | D:9      | Slain by a centaur

Illustrated notes

Levels and vault maps discovered:
D:1:      dpeg_arrival_radiant, layout_basic
D:2:      layout_rooms, ebering_ecumenical_altar_abandoned,
          chequers_serial_rivers_large_a, minivault_24, uniq_terence
D:3:      layout_loops_ring, hellmonk_guarded_unrand_hermit
D:4:      cheibrodos_old_hovel, layout_basic, uniq_eustachio, uniq_robin
D:5:      layout_gridville, uniq_grinder, uniq_menkaure, uniq_blork_the_orc
D:6:      nicolae_cairo_tiling, layout_basic, minmay_temple_entry_junction
D:7:      layout_cave_pools
D:8:      layout_basic, zin_statuary, mainiacjoe_overflow_brackets
D:9:      nzn_winding_woodlands_medium [nzn_winding_woodlands_5x5_default,
          nzn_winding_woodlands_5x15_crooked, nzn_winding_woodlands_hourglass,
          nzn_winding_woodlands_5x5_perimeter,
          nzn_winding_woodlands_center_pierced_h,
          nzn_winding_woodlands_5x5_three, nzn_winding_woodlands_5x5_default,
          nzn_winding_woodlands_5x15_jagged,
          nzn_winding_woodlands_5x5_open_star], layout_long_grid,
          due_lair_maze_entry_diamond
D:10:     layout_rooms, corner_web_ring, uniq_nergalle, uniq_erolcha
D:11:     layout_long_grid, orc_0_dummy
Temple:   nicolae_temple_bog_church
Lair:1:   layout_chaotic_city

Skill      XL: |  1  2  3  4  5  6  7  8  9 10 |
---------------+-------------------------------+-----
Spellcasting   | 3 |  3.0
Earth Magic    | 4 5 6 7 8 9 |  9.1
Conjurations   | 2 3 4 5 6 8 9 |  9.2
Invocations    | 5 7 |  7.7
Air Magic      | 5 9 |  9.2
Dodging        | |  2.4
Stealth        | |  1.4
Transmutations | |  1.2

Action                     |  1- 3 |  4- 6 |  7- 9 | 10-12 || total
---------------------------+-------+-------+-------+-------++-------
  Melee: Unarmed           |       |     2 |       |       ||     2
         War axe           |       |       |     3 |       ||     3
         Dagger            |       |       |       |     5 ||     5
   Cast: Sandblast         |    24 |    35 |    71 |    16 ||   146
         Stone Arrow       |     2 |    11 |    45 |    26 ||    84
         Passwall          |     1 |     5 |    15 |     1 ||    22
         Arcjolt           |       |       |       |     2 ||     2
 Invoke: Channel Magic     |       |       |       |     1 ||     1
  Evoke: Lightning rod     |       |       |       |     3 ||     3
    Use: Scroll            |       |     3 |     7 |     1 ||    11
         Potion            |       |     2 |       |     2 ||     4
 Armour: Robe              |     3 |     5 |    11 |    23 ||    42
  Dodge: Dodged            |       |    26 |    21 |    34 ||    81
